 Dungeon Crawl Stone Soup version 0.31-a0-549-gf98fd537a9 (webtiles) character file.

Game seed: 9424891733595236588

29068 AdnanSaban the Basher (level 13, -6/87 HPs)
             Began as a Gargoyle Fighter on Aug 16, 2023.
             Was the Champion of Okawaru.
             Mangled by a water moccasin (9 damage)
             ... on level 1 of the Lair of Beasts.
             The game lasted 00:23:27 (17529 turns).

AdnanSaban the Basher (Gargoyle Fighter)           Turns: 17529, Time: 00:23:28

Health: -6/87      AC:  0    Str: 25    XL:     13   Next: 42%
Magic:  13/13      EV: 19    Int:  9    God:    Okawaru [******]
Gold:   1052       SH:  0    Dex: 14    Spells: 12/12 levels left

rFire   + . .        N - melded +1 demon whip (venom)
rCold   . . .        c - melded +0 buckler
rNeg    + . .        k - melded +0 plate armour
rPois   ∞            R - melded +2 helmet
rElec   .            P - melded +0 cloak
rCorr   .            s - melded +0 pair of gloves
SInv    +            O - melded +0 pair of boots
Will    .....        L - amulet "Watefoq" {RegenMP rF+}
Stlth   ++           v - melded ring of resist corrosion
HPRegen 0.34/turn    F - melded +5 ring of evasion
MPRegen 0.53/turn

%: no passive effects
@: bat-form (expiring), flying, very quick
A: fast, flying, no casting, sickness immunity, AC +9, tiny, negative energy
resistance 1, (electricity resistance), torment resistance 1, petrification
resistance, (beak), see invisible, evolution 2
a: Renounce Religion, Heroism, Finesse, Duel


You were on level 1 of the Lair of Beasts.
You worshipped Okawaru.
Okawaru was exalted by your worship.
You were a bat.
You visited 3 branches of the dungeon, and saw 15 of its levels.

You collected 1052 gold pieces.

Inventory:

Hand Weapons
 N - a +1 demon whip of venom (melded)
Missiles
 g - 13 poisoned darts (quivered)
 y - 8 boomerangs
 M - a silver javelin
 Q - 3 javelins
Armour
 c - a +0 buckler (melded)
 k - a +0 plate armour (melded)
 s - a +0 pair of gloves (melded)
 O - a +0 pair of boots (melded)
 P - a +0 cloak (melded)
 R - a +2 helmet (melded)
Jewellery
 v - a ring of resist corrosion (melded)
 B - a ring of positive energy
 F - a +5 ring of evasion (melded)
 L - the amulet "Watefoq" (around neck) {RegenMP rF+}
   (You found it on level 10 of the Dungeon)

   [amulet of magic regeneration]

   RegenMP:   It increases your rate of magic regeneration.
   rF+:       It protects you from fire.
Wands
 z - a wand of paralysis (12)
Scrolls
 e - 5 scrolls of amnesia {unknown}
 f - 3 scrolls of enchant armour {unknown}
 i - 8 scrolls of identify {unknown}
 l - 8 scrolls of noise {unknown}
 n - 3 scrolls of fear {unknown}
 o - 2 scrolls of blinking {unknown}
 p - 7 scrolls of poison {unknown}
 q - a scroll of silence {unknown}
 u - 3 scrolls of immolation {unknown}
 x - 3 scrolls of fog {unknown}
 C - 2 scrolls of teleportation {unknown}
 D - 2 scrolls of enchant weapon {unknown}
 G - a scroll of vulnerability {unknown}
 I - a scroll of torment {unknown}
 J - 2 scrolls of revelation {unknown}
 K - a scroll of brand weapon {unknown}
Potions
 a - 3 potions of ambrosia {unknown}
 b - a potion of resistance {unknown}
 d - 2 potions of might
 h - 2 potions of heal wounds {unknown}
 j - 2 potions of enlightenment {unknown}
 r - 3 potions of mutation
 t - 3 potions of lignification
 w - a potion of brilliance {unknown}
 A - 2 potions of attraction {unknown}
 E - 2 potions of curing {unknown}
 H - 2 potions of haste {unknown}


   Skills:
 + Level 12.5 Fighting
 + Level 13.6 Maces & Flails
 + Level 3.8 Throwing
 + Level 11.9 Armour
 + Level 2.1 Dodging
 + Level 1.1 Stealth
 + Level 9.7 Shields
 + Level 0.7 Invocations


You had 12 spell levels left.
You didn't know any spells.
Your spell library contained the following spells:

 Spells                   Type           Power      Damage    Failure   Level
 Sandblast                Erth           0%         2d4       38%         1
 Ensorcelled Hibernation  Hex/Ice        0%         N/A       52%         2
 Lesser Beckoning         Tloc           0%         N/A       52%         2
 Passwall                 Tmut/Erth      0%         N/A       52%         2
 Gell's Gravitas          Tloc           0%         N/A       77%         3
 Stone Arrow              Conj/Erth      0%         3d7       77%         3
 Teleport Other           Tloc           0%         N/A       77%         3
 Anguish                  Hex/Necr       0%         N/A       99%         4
 Dispersal                Tloc           0%         N/A       100%        6


Dungeon Overview and Level Annotations

Branches:
Dungeon (13/15)            Temple (1/1) D:5            Lair (1/5) D:9
    Orc (0/2) D:10         Vaults (0/5) D:13

Altars:
Ashenzari
Cheibriados
Dithmenos
Elyvilon
Fedhas
Gozag
Hepliaklqana
Kikubaaqudgha
Makhleb
Nemelex Xobeh
Okawaru
Qazlal
Ru
Sif Muna
Trog
Uskayaw
Vehumet
Wu Jian
Xom
Yredelemnul
Zin
The Shining One

Shops:
D:6 [   D:10 [

Annotations:
D:12 4 transporters
Lair:1 Amaemon


Innate Abilities, Weirdness & Mutations

You are a bat.
You are tiny and dextrous.
You move quickly.
You are flying.
Your equipment is almost entirely melded.
You are incapable of wielding weapons or throwing items.
You cannot cast spells.
You are immune to sickness and miasma.
((Your stone body is resilient. (AC +9)))
You are immune to poison.
You resist negative energy. (rN+)
((You are resistant to electric shocks. (rElec)))
You are resistant to unholy torment.
You are immune to petrification.
((You have a beak for a mouth.))
You have supernaturally acute eyesight. (SInv)
You have great hidden genetic potential.


Message History

Amaemon misses you. Amaemon closely misses you. Amaemon completely misses you.
The orange demon stings you from afar!
Something foul drips from Amaemon's claws.
Amaemon hisses.
The orange demon no longer looks unusually toxic.
Amaemon casts a spell.
There is a stone staircase leading down here.
A water moccasin comes into view.
A rime drake comes into view.
The water moccasin hisses angrily.
Amaemon casts a spell at the orange demon.
The orange demon seems to grow toxic.
You barely miss the water moccasin.
The rime drake hisses angrily.
The water moccasin misses you. The rime drake breathes ice at you.
The icy flash freeze hits you!!
You are encased in ice.
The water moccasin attacks as you move away!
The water moccasin bites you.
The water moccasin attacks as you move away!
The water moccasin bites you! The ice encasing you melts away.
The water moccasin closely misses you.
Your transformation is almost over.
The rime drake breathes ice at you. The icy flash freeze hits you!!
* * * LOW HITPOINT WARNING * * *
You are encased in ice.
The ice encasing you melts away.
It was a potion of mutation.
You feel extremely strange.
Your vision sharpens.
You feel a hidden potential growing inside you.
Your mouth lengthens and hardens into a beak!
Your hidden genetic potential grows.
It was a potion of lignification.
You feel woody for a moment. The water moccasin bites you.
* * * LOW HITPOINT WARNING * * *
The water moccasin bites you!
You die...

####)###..####.....††....##.##.
### #...# #...........# ##
##..## #...........# #...#
#...........# ##..#
#...........# ### ##..#
#.............
##.####÷÷.####...............
#.............................
#.............b...............
######......(S#####P##P.......
#........# ... #........####
.....
######.....)...#.######.....
#.........................#
#........................##
######.)P####...sk........#
#..## #...s........##


You could see a water moccasin.

Vanquished Creatures
  A vault guard (D:13)
  Fannar (D:10)
  2 centaur warriors
  A boulder beetle (D:11)
  7 two-headed ogres
  Pikel (D:6)
  Jeremiah (D:9)
  A deep elf pyromancer (D:13)
  An ugly thing (D:13)
  4 manticores
  A cyclops (D:11)
  A black mamba (Lair:1)
  Joseph (D:7)
  7 slime creatures
  3 cane toads (Lair:1)
  A torpor snail (shapeshifter) (D:13)
  A gargoyle (D:13)
  3 unseen horrors
  2 kobold demonologists (D:12)
  An efreet (D:11)
  A troll (D:13)
  2 water elementals (D:12)
  Sigmund (D:5)
  A shadow (D:11)
  A wraith (D:12)
  Eustachio (D:4)
  30 yaks
  2 wyverns (D:9)
  A steam dragon (D:9)
  9 vampire mosquitoes
  3 acid dragons
  3 water moccasins
  Edmund (D:4)
  3 ice beasts
  3 sky beasts
  5 orc warriors
  A black bear (shapeshifter) (D:13)
  12 wolves (Lair:1)
  7 centaurs
  A lemure (D:6)
  3 phantoms
  9 bullfrogs
  A scorpion (D:4)
  7 wights (D:8)
  10 killer bees
  5 electric eels (D:12)
  2 howler monkeys (D:9)
  2 lava snakes (D:9)
  4 orc priests
  3 hounds (D:4)
  2 gnoll boudas
  A sleepcap (D:7)
  4 iguanas
  7 orc wizards
  13 gnolls
  4 adders
  2 shadow imps
  4 white imps
  2 ufetubi
  2 dart slugs (D:3)
  41 orcs
  5 endoplasms
  6 giant cockroaches
  5 goblins
  4 hobgoblins
  9 jackals
  9 kobolds
  6 quokkas
  6 ball pythons
  4 bats
  4 frilled lizards
  5 rats
320 creatures vanquished.

Notes
Turn   | Place    | Note
-------+----------+-------------------------------------------
     0 | D:1      | AdnanSaban the Gargoyle Fighter began the quest for the
                  | Orb.
     0 | D:1      | Reached XP level 1. HP: 14/14 MP: 1/1
   293 | D:1      | Reached XP level 2. HP: 19/19 MP: 2/2
  1477 | D:2      | Reached XP level 3. HP: 24/24 MP: 3/3
  2608 | D:3      | Reached XP level 4. HP: 29/29 MP: 4/4
  3074 | D:4      | Reached skill level 3 in Maces & Flails
  3155 | D:4      | Noticed a phantom
  3193 | D:3      | Killed a phantom
  3194 | D:3      | Reached skill level 4 in Maces & Flails
  3194 | D:3      | Reached XP level 5. HP: 23/33 MP: 5/5
  3370 | D:3      | Reached XP level 6. HP: 29/38 MP: 6/6
  3499 | D:4      | Noticed Eustachio
  3549 | D:4      | Killed Eustachio
  3653 | D:4      | Found a burning altar of Makhleb.
  3696 | D:4      | Reached skill level 5 in Maces & Flails
  3696 | D:4      | Reached XP level 7. HP: 20/44 MP: 7/7
  3824 | D:4      | You fall into a shaft and drop 2 floors!
  3857 | D:6      | Reached skill level 5 in Armour
  4014 | D:6      | Reached skill level 5 in Fighting
  4063 | D:5      | Entered Level 5 of the Dungeon
  4092 | D:5      | Noticed Sigmund
  4134 | D:5      | Reached skill level 5 in Shields
  4134 | D:5      | Reached XP level 8. HP: 16/49 MP: 8/8
  4151 | D:5      | Reached skill level 6 in Maces & Flails
  4309 | D:5      | Found a sparkling altar of Nemelex Xobeh.
  4346 | D:5      | Identified the +4 rapier "Killer Bee's Peril" {holy, Drain
                  | rC+ Dex+4}
  4524 | D:4      | Noticed Edmund
  4540 | D:4      | Killed Edmund
  4963 | D:5      | Killed Sigmund
  4981 | D:5      | Paralysed by an orc for 4 turns
  5253 | D:5      | Reached skill level 7 in Maces & Flails
  5255 | D:5      | Found a staircase to the Ecumenical Temple.
  5292 | Temple   | Entered the Ecumenical Temple
  5310 | Temple   | Became a worshipper of Warmaster Okawaru
  5562 | D:6      | Found Dosipn's Armour Boutique.
  5773 | D:6      | Reached XP level 9. HP: 55/55 MP: 9/9
  5940 | D:6      | Noticed Pikel
  5967 | D:6      | Killed Pikel
  5967 | D:6      | Reached * piety under Okawaru
  5968 | D:6      | Reached skill level 8 in Maces & Flails
  5968 | D:6      | Reached skill level 1 in Dodging
  6582 | D:7      | Reached ** piety under Okawaru
  6847 | D:7      | Noticed a manticore
  6861 | D:7      | Killed a manticore
  6862 | D:7      | Reached skill level 9 in Maces & Flails
  6862 | D:7      | Reached XP level 10. HP: 47/63 MP: 10/10
  7022 | D:7      | Found a blossoming altar of Fedhas.
  7024 | D:7      | Found a glowing silver altar of Zin.
  7028 | D:7      | Found an opulent altar of Gozag.
  7035 | D:7      | Found a white marble altar of Elyvilon.
  7202 | D:7      | Noticed Joseph
  7701 | D:8      | Reached *** piety under Okawaru
  7921 | D:8      | Reached skill level 10 in Maces & Flails
  8266 | D:9      | Found a staircase to the Lair.
  8292 | D:9      | Noticed Jeremiah
  8776 | D:9      | Reached **** piety under Okawaru
  9100 | D:9      | Found a snail-covered altar of Cheibriados.
  9100 | D:9      | Found a broken altar of Ashenzari.
  9569 | D:9      | Noticed a two-headed ogre
  9581 | D:9      | Killed a two-headed ogre
  9582 | D:9      | Reached skill level 1 in Throwing
  9590 | D:10     | Entered Level 10 of the Dungeon
  9699 | D:10     | Identified the amulet "Watefoq" {RegenMP rF+}
  9753 | D:10     | Noticed Fannar
  9791 | D:10     | Killed Fannar
  9792 | D:10     | Reached XP level 11. HP: 22/69 MP: 11/11
 10076 | D:10     | Reached ***** piety under Okawaru
 10077 | D:10     | Reached skill level 11 in Maces & Flails
 10349 | D:10     | Reached skill level 1 in Stealth
 10468 | D:10     | Found a staircase to the Orcish Mines.
 10518 | D:10     | Received a gift from Okawaru
 10622 | D:10     | Found Xaakheg's Antique Armour Emporium.
 11181 | D:11     | Noticed a boulder beetle
 11187 | D:11     | Noticed a two-headed ogre
 11193 | D:11     | Killed a boulder beetle
 11200 | D:11     | Killed a two-headed ogre
 11286 | D:11     | Noticed a cyclops
 11303 | D:11     | Killed a cyclops
 11304 | D:11     | Reached skill level 12 in Maces & Flails
 12059 | D:11     | Noticed a two-headed ogre
 12078 | D:11     | Killed a two-headed ogre
 12078 | D:11     | Received a gift from Okawaru
 12079 | D:11     | Reached skill level 10 in Armour
 12640 | D:12     | Noticed a two-headed ogre
 12650 | D:12     | Killed a two-headed ogre
 12743 | D:12     | Reached XP level 12. HP: 59/77 MP: 12/12
 13359 | D:12     | Found a transporter.
 13360 | D:12     | Found a transporter.
 13362 | D:12     | Found a transporter.
 13495 | D:12     | Reached skill level 10 in Fighting
 14066 | D:12     | Received a gift from Okawaru
 14395 | D:12     | Found a transporter.
 14508 | D:12     | Noticed a two-headed ogre
 14516 | D:12     | Killed a two-headed ogre
 14731 | D:13     | Noticed a centaur warrior
 14731 | D:13     | Noticed a centaur warrior
 14739 | D:12     | Killed a centaur warrior
 14749 | D:13     | Killed a centaur warrior
 14749 | D:13     | Reached ****** piety under Okawaru
 14854 | D:13     | Noticed a two-headed ogre
 14868 | D:13     | Received a gift from Okawaru
 14875 | D:13     | Killed a two-headed ogre
 14937 | D:13     | Reached skill level 13 in Maces & Flails
 15338 | D:13     | Noticed a two-headed ogre
 15362 | D:13     | Killed a two-headed ogre
 15819 | D:13     | Reached XP level 13. HP: 64/86 MP: 13/13
 15889 | D:13     | Noticed a vault guard
 15902 | D:13     | Killed a vault guard
 15906 | D:13     | Received a gift from Okawaru
 15996 | D:13     | Found a gate to the Vaults.
 16644 | D:7      | Killed Joseph
 16718 | D:9      | Killed Jeremiah
 16889 | Lair:1   | Entered Level 1 of the Lair of Beasts
 16933 | Lair:1   | Received a gift from Okawaru
 17473 | Lair:1   | Noticed Amaemon
 17522 | Lair:1   | HP: 2/87 [rime drake/icy flash freeze (27)]
 17528 | Lair:1   | Gained mutation: You have supernaturally acute eyesight.
                  | (SInv) [potion of mutation]
 17528 | Lair:1   | Gained mutation: You have hidden genetic potential. [potion
                  | of mutation]
 17528 | Lair:1   | Gained mutation: You have a beak for a mouth. [potion of
                  | mutation]
 17528 | Lair:1   | Gained mutation: You have great hidden genetic potential.
                  | [potion of mutation]
 17529 | Lair:1   | HP: 3/87 [water moccasin (1)]
 17529 | Lair:1   | Mangled by a water moccasin

Illustrated notes

Levels and vault maps discovered:
D:1:      nagdon_arrival_zigzag_paths, layout_loops_ring,
          serial_co_window_serial, co_window_paths_a, co_window_cross_1,
          co_window_paths_a, co_window_paths_a, co_window_of_opportunity_a,
          co_window_of_opportunity_a, co_window_paths_b, co_window_corner_a,
          co_window_cross_1, co_window_2corner, co_window_2corner,
          co_window_of_opportunity_c, co_window_unsneaky_path_c,
          co_window_of_opportunity_c, co_window_4corner_a, glass_columns_c,
          glass_columns_b, glass_columns_a, glass_columns_c, glass_columns_b
D:2:      wad_lake_hut, layout_rooms, hangedman_decor_push
D:3:      layout_basic, minmay_misc_feat_x,
          wander_ebering_terrifying_dragon_lair
D:4:      layout_loops_ring, makhleb_heckhound_becter, uniq_edmund,
          uniq_eustachio
D:5:      layout_basic, nemelex_altar_shiori, minmay_temple_entry_crystal_x,
          serial_glass, glass_columns_b, glass_columns_a, uniq_sigmund
D:6:      layout_basic, serial_shops, nicolae_diamond_shop, serial_demonic,
          serial_demonic_e, serial_demonic_e, serial_demonic_f,
          serial_demonic_b, uniq_pikel
D:7:      layout_basic, nicolae_overflow_macrodata_refinement,
          corexii_leaking_fountain, uniq_joseph
D:8:      layout_cave_pools
D:9:      layout_cave_pools, gammafunk_temple_overflow_wave, lair_entry_dummy,
          kennysheep_generic_room_16, uniq_jeremiah
D:10:     layout_rooms, hiddenorc1_lemuel, serial_shops,
          nicolae_shop_just_a_little_nook, uniq_fannar
D:11:     layout_gridville
D:12:     layout_basic, nicolae_diode_quadrants
D:13:     layout_layer_cave, david_vaults_5
Temple:   nicolae_temple_bog_church
Lair:1:   layout_small_grid, lemuel_fruit_fields, uniq_amaemon

Skill      XL: |  1  2  3  4  5  6  7  8  9 10 11 12 13 |
---------------+----------------------------------------+-----
Maces & Flails | 4 5 7 9 10 12 13 | 13.6
Fighting       | 4 5 6 7 8 9 12 | 12.5
Armour         | 4 5 6 7 9 10 11 | 11.9
Shields        | 4 5 7 9 |  9.7
Dodging        | 1 2 |  2.1
Throwing       | 1 3 |  3.8
Stealth        | 1 |  1.1
Invocations    | |  0.7

Action                     |  1- 3 |  4- 6 |  7- 9 | 10-12 | 13-15 || total
---------------------------+-------+-------+-------+-------+-------++-------
  Melee: Flail             |   111 |   187 |   133 |   364 |       ||   795
         Whip              |       |       |   286 |    66 |       ||   352
         Demon whip        |       |       |       |   388 |   222 ||   610
         Unarmed           |       |       |       |       |     2 ||     2
  Throw: Dart              |       |     3 |     2 |    42 |     5 ||    52
         Boomerang         |       |       |       |     2 |       ||     2
 Invoke: Heroism           |       |       |       |     1 |       ||     1
    Use: Potion            |       |       |       |       |     2 ||     2
 Armour: Scale mail        |    21 |       |       |       |       ||    21
         Plate armour      |    44 |   154 |   347 |   434 |   114 ||  1093
  Dodge: Dodged            |    26 |    75 |   128 |   310 |   134 ||   673
  Block: Buckler           |    22 |    56 |    94 |   148 |    70 ||   390

Table legend: (Time is in decaauts)
 A = Elapsed time spent in this place.
 B = Non-inter-level travel time spent in this place.
 C = Inter-level travel time spent in this place.
 D = Time resting spent in this place.
 E = Time spent auto-exploring this place.
 F = Levels seen in this place.
 G = Mean time per level.
                   A        B        C        D        E       F      G
               +--------+--------+--------+--------+--------+-----+--------+
         Total |  17276 |  15846 |   1430 |   1236 |  11364 |  15 | 1151.7 |
       Dungeon |  16692 |  15296 |   1396 |   1236 |  10975 |  13 | 1284.0 |
        Temple |     36 |      2 |     34 |      0 |      0 |   1 |   36.0 |
          Lair |    547 |    547 |      0 |      0 |    389 |   1 |  547.0 |
               +--------+--------+--------+--------+--------+-----+--------+

Top non-repeatable levels by time:
    D:12: 1895 daAuts
    D:11: 1776 daAuts
    D:13: 1570 daAuts
     D:1: 1469 daAuts
    D:10: 1430 daAuts
     D:9: 1366 daAuts
     D:6: 1228 daAuts
     D:4: 1209 daAuts
     D:3: 1116 daAuts
     D:7: 1060 daAuts
     D:8: 927 daAuts
     D:5: 896 daAuts
     D:2: 746 daAuts
  Lair:1: 547 daAuts
  Temple: 36 daAuts
